[Event "Titled Tuesday Blitz March 07 Early 2023"]
[White "Kozin, Yuri"]
[Black "Valgmae, Toomas"]
[WhiteFideId "4129920"]
[BlackFideId "4502523"]
[WhiteElo "2493"]
[BlackElo "2170"]
[Result "0-1"]
[Round "11"]
[TimeControl "180+2"]
[Date "2023.03.07"]
[WhiteClock "0:01:15"]
[BlackClock "0:01:33"]

1. e4 d6 2. d4 Nf6 3. Nc3 g6 4. Be3 c6 5. Qd2 b5 6. Bd3 Nbd7 7. h4 Ng4 8. Bg5 h6 9. Bf4 e5 10. dxe5 Ndxe5 11. f3 Nxd3+ 12. Qxd3 Ne5 13. Qe2 Bg7 14. Nh3 O-O 15. Nf2 b4 16. Ncd1 a5 17. Nd3 Ba6 18. N1f2 c5 19. Rd1 Qe7 20. h5 g5 21. Bc1 c4 22. Nxe5 Bxe5 23. b3 cxb3 24. Nd3 bxa2 25. Be3 a1=Q 26. Rxa1 Bxa1 27. O-O Bg7 28. Rd1 d5 0-1


[Site "https://www.chess.com"]

[Event "Titled Tuesday Blitz March 07 Early 2023"]
[White "Prudnykova, Olga"]
[Black "UNSTOPPABLE_LEGEND"]
[WhiteFideId "14121093"]
[WhiteElo "2113"]
[BlackElo "2476"]
[Result "0-1"]
[Round "11"]
[TimeControl "180+2"]
[Date "2023.03.07"]
[WhiteClock "0:00:09"]
[BlackClock "0:00:09"]

1. e4 e6 2. d4 d5 3. Nc3 Nf6 4. e5 Nfd7 5. Qh5 c5 6. Nf3 Nc6 7. Ng5 g6 8. Qf3 Ndxe5 9. dxe5 Nxe5 10. Bb5+ Bd7 11. Bxd7+ Kxd7 12. Qg3 Bd6 13. Bf4 f6 14. Nf3 Qc7 15. O-O-O Nd3+ 16. Kb1 Nxf4 17. Rhe1 Rae8 18. Nb5 Qb6 19. Nxd6 Qxd6 20. Nd2 Nh5 21. Qh4 Kc7 22. g4 Qf4 23. f3 Ng7 24. Rf1 h5 25. Qf2 b6 26. Qe2 Qe5 27. Qa6 Kb8 28. a4 Qc7 29. h3 hxg4 30. hxg4 g5 31. Nb3 Qb7 32. Qe2 Qd7 33. a5 Qc6 34. f4 gxf4 35. Rxf4 e5 36. Rff1 Rhf8 37. Qh2 Ne6 38. Qh1 c4 39. Nc1 e4 40. axb6 c3 41. bxa7+ Ka8 42. Nb3 cxb2 43. Kxb2 Rc8 44. Rc1 Qc3+ 45. Kb1 Nd4 46. Nxd4 Qxd4 47. Qg1 Rb8+ 48. axb8=Q+ Rxb8+ 49. Ka2 Qa4# 0-1


[Site "https://www.chess.com"]

[Event "Titled Tuesday Blitz March 07 Early 2023"]
[White "Mushini Ajay"]
[Black "Balla, Tamas-Kristof"]
[WhiteFideId "35066188"]
[BlackFideId "1208497"]
[WhiteElo "2145"]
[BlackElo "2334"]
[Result "0-1"]
[Round "11"]
[TimeControl "180+2"]
[Date "2023.03.07"]
[WhiteClock "0:00:05"]
[BlackClock "0:00:15"]

1. e4 c5 2. Nf3 Nc6 3. d4 cxd4 4. Nxd4 e5 5. Nb5 d6 6. N1c3 a6 7. Na3 b5 8. Nd5 Nge7 9. c4 Nxd5 10. exd5 Nd4 11. cxb5 Bd7 12. Bd3 axb5 13. O-O Be7 14. Be3 Nf5 15. Bxf5 Bxf5 16. Nxb5 O-O 17. a4 Bd7 18. Qb3 f5 19. a5 f4 20. Bb6 Qe8 21. Nc7 Qg6 22. Nxa8 f3 23. g3 Qg4 24. Kh1 Rf6 25. Be3 g5 26. Bxg5 Qxg5 27. Nb6 Rh6 28. Qe3 Qh5 29. Qxh6 Qxh6 30. Nxd7 Qh3 31. Rg1 Qxd7 32. a6 Qa7 33. b4 Bd8 34. b5 Bb6 35. Rac1 Bxf2 36. Rgf1 e4 37. Rc6 e3 38. Rfc1 e2 39. Rc8+ Kg7 40. R8c7+ Qxc7 41. Rxc7+ Kf6 42. Rc1 Bb6 43. g4 f2 44. g5+ Kxg5 45. Kg2 e1=Q 46. h3 Qxc1 0-1


[Site "https://www.chess.com"]

[Event "Titled Tuesday Blitz March 07 Early 2023"]
[White "Bowden, Karl"]
[Black "Fernandez Siles, Luis"]
[WhiteFideId "400548"]
[BlackFideId "2209420"]
[WhiteElo "2424"]
[BlackElo "2186"]
[Result "0-1"]
[Round "11"]
[TimeControl "180+2"]
[Date "2023.03.07"]
[WhiteClock "0:00:21"]
[BlackClock "0:00:29"]

1. e4 c5 2. c3 Nf6 3. e5 Nd5 4. d4 cxd4 5. cxd4 d6 6. Nf3 Nc6 7. Bc4 Nb6 8. Bb5 Bd7 9. Nc3 e6 10. O-O a6 11. Bd3 Be7 12. Qe2 dxe5 13. dxe5 Nb4 14. Bb1 N6d5 15. Ne4 Bb5 16. Qd2 Bxf1 17. Kxf1 Rc8 18. a3 Qc7 19. Nc3 Nxc3 20. bxc3 Nd5 21. Bb2 Nxc3 22. Bd3 Nd5 23. h4 O-O 24. Qe2 Nf4 25. Bxh7+ Kxh7 26. Qe4+ Ng6 27. h5 Qc4+ 28. Qxc4 Rxc4 29. hxg6+ Kxg6 30. Rb1 b5 31. Nd2 Rc2 32. Ne4 f5 33. exf6 gxf6 34. Ng3 Rd8 35. Ne2 Rdd2 0-1


[Site "https://www.chess.com"]

[Event "Titled Tuesday Blitz March 07 Early 2023"]
[White "Mouhamad, Joachim"]
[Black "Mikhaylova, Irina"]
[WhiteFideId "656410"]
[BlackFideId "4109040"]
[WhiteElo "2164"]
[BlackElo "1966"]
[Result "1-0"]
[Round "11"]
[TimeControl "180+2"]
[Date "2023.03.07"]
[WhiteClock "0:00:31"]
[BlackClock "0:00:06"]

1. e4 c5 2. Nf3 Nc6 3. d4 cxd4 4. Nxd4 e5 5. Nb5 d6 6. N1c3 a6 7. Na3 b5 8. Nd5 Nge7 9. c4 Nd4 10. Be3 Nxd5 11. cxd5 Be7 12. Qd2 O-O 13. Bd3 Bb7 14. Nc2 Nxc2+ 15. Bxc2 h6 16. h4 Kh7 17. g3 Qd7 18. O-O-O Rac8 19. Kb1 Rc4 20. Bd3 Rc7 21. f4 f6 22. f5 Rfc8 23. g4 Kg8 24. Rhg1 Kf7 25. g5 hxg5 26. hxg5 Rg8 27. g6+ Ke8 28. Bb6 Rc8 29. Rh1 Bd8 30. Be3 Qc7 31. Rh7 Qa5 32. Qf2 Qc7 33. Rc1 Qd7 34. Rch1 Qc7 35. Rh8 Rxh8 36. Rxh8+ Kd7 37. Rg8 Be7 38. Rxg7 Re8 39. Rf7 Rg8 40. Rh7 Ke8 41. Bb6 Qc8 42. Qh4 Bd8 43. Bxd8 Kxd8 44. Qxf6+ 1-0


[Site "https://www.chess.com"]

[Event "Titled Tuesday Blitz March 07 Early 2023"]
[White "Zherebtsova, Alexandra"]
[Black "Dishman, Stephen"]
[WhiteFideId "24129518"]
[BlackFideId "403024"]
[WhiteElo "2055"]
[BlackElo "2204"]
[Result "0-1"]
[Round "11"]
[TimeControl "180+2"]
[Date "2023.03.07"]
[WhiteClock "0:00:09"]
[BlackClock "0:00:10"]

1. d4 d5 2. Nf3 Nf6 3. c4 c6 4. Nbd2 Bf5 5. Nh4 Be4 6. e3 e6 7. a3 Bd6 8. Nxe4 Nxe4 9. Nf3 Nd7 10. Bd3 f5 11. b4 O-O 12. Bb2 Qf6 13. Qe2 g5 14. Nd2 g4 15. Nb3 Kh8 16. O-O-O dxc4 17. Bxc4 Nb6 18. Nc5 Nxc4 19. Nxe4 fxe4 20. Qxc4 Rfc8 21. Qc2 Qf5 22. d5+ e5 23. Kb1 c5 24. b5 c4 25. f3 Rc5 26. fxe4 Qg5 27. a4 c3 28. Ba3 Qxe3 29. Rhe1 Qf4 30. Bxc5 Bxc5 31. Qxc3 Bd6 32. g3 Qh6 33. Qe3 Qxh2 34. Re2 Qh5 35. Rc2 Rf8 36. Ka2 Rf3 37. Qxa7 Qf7 38. Rc8+ Kg7 39. Qg1 Rf2+ 40. Kb3 Qf3+ 41. Rc3 Qe2 42. Rb1 Qa2# 0-1


[Site "https://www.chess.com"]

[Event "Titled Tuesday Blitz March 07 Early 2023"]
[White "Szente Varga, Fruzsina"]
[Black "Avazkhonov, Alikhon"]
[WhiteFideId "712264"]
[BlackFideId "14208504"]
[WhiteElo "1994"]
[BlackElo "1739"]
[Result "1-0"]
[Round "11"]
[TimeControl "180+2"]
[Date "2023.03.07"]
[WhiteClock "0:00:21"]
[BlackClock "0:00:04"]

1. e4 c5 2. Nf3 d6 3. d4 cxd4 4. Qxd4 Nc6 5. Bb5 Bd7 6. Qd3 Nf6 7. c4 e6 8. Nc3 a6 9. Bxc6 Bxc6 10. O-O Be7 11. h3 O-O 12. Be3 Qc7 13. Nd4 Bd7 14. Rac1 Rfd8 15. b4 Rac8 16. Nce2 b6 17. Nb3 Qb7 18. Ng3 d5 19. cxd5 exd5 20. e5 Ne4 21. Nxe4 dxe4 22. Qd4 Bb5 23. Qxb6 Qxb6 24. Bxb6 Re8 25. Rfe1 Bxb4 26. Rxe4 Ba3 27. Rxc8 Rxc8 28. Nd4 Bd7 29. Re3 Bc1 30. Rd3 Bf4 31. Ne2 Bb5 32. Nxf4 Bxd3 33. Nxd3 Rc3 34. Nc5 Ra3 35. g3 Rxa2 36. Kg2 a5 37. Kf3 a4 38. Ke3 a3 39. Nd3 Rc2 40. Bd4 a2 41. Nb4 Rc4 42. Nxa2 Kf8 43. Nc3 Ke7 44. Ke4 Ke6 45. Nd5 f5+ 46. exf6 gxf6 47. Nf4+ Kf7 48. Kd5 Ra4 49. Be3 Ra2 50. Nh5 Kg6 51. Nf4+ Kf5 52. g4+ Kg5 53. Ke4 Ra4+ 54. Kf3 Kh4 55. Kg2 Ra2 56. Nd5 Ra6 57. Bd4 Rd6 58. Bxf6+ Rxf6 59. Nxf6 Kg5 60. Ne4+ Kf4 61. Nf6 1-0


[Site "https://www.chess.com"]

[Event "Titled Tuesday Blitz March 07 Early 2023"]
[White "Koridze, Lile"]
[Black "Tsatsalashvili, Keti"]
[WhiteFideId "13612514"]
[BlackFideId "13603434"]
[WhiteElo "2047"]
[BlackElo "2220"]
[Result "1-0"]
[Round "11"]
[TimeControl "180+2"]
[Date "2023.03.07"]
[WhiteClock "0:00:12"]
[BlackClock "0:00:02"]

1. d4 Nf6 2. c4 e6 3. Nf3 d5 4. g3 Be7 5. Bg2 O-O 6. O-O dxc4 7. Ne5 c5 8. dxc5 Qc7 9. Nxc4 Qxc5 10. b3 Rd8 11. Qe1 a6 12. Ba3 Qc7 13. Bxe7 Qxe7 14. Nc3 Nc6 15. Nb6 Rb8 16. Nxc8 Rbxc8 17. Na4 Nd4 18. Rd1 b5 19. Nb6 Rb8 20. e3 Nxb3 21. axb3 Rxb6 22. Qa5 Rbd6 23. Rc1 h6 24. Bf3 Nd5 25. Rfd1 Qd7 26. e4 Ne7 27. e5 Rd2 28. Qxa6 Rb8 29. Rxd2 Qxd2 30. Rd1 Qc3 31. Qd6 Re8 32. Rd3 Qc1+ 33. Kg2 Nf5 34. Qd7 Rf8 35. Qxb5 Qb1 36. Qc4 Rb8 37. Rc3 Rf8 38. Be4 Qd1 39. Bxf5 exf5 40. b4 Qe1 41. b5 Qxe5 42. Qc5 Qxc5 43. Rxc5 g6 44. Kf3 Rb8 45. Kf4 Kg7 46. Ke5 Re8+ 47. Kd6 Re2 48. b6 Rxf2 49. Rb5 Rd2+ 50. Kc5 Rd8 51. b7 Rb8 52. Kc6 g5 53. Kc7 Re8 54. b8=Q Rxb8 55. Rxb8 Kf6 56. Rb6+ Ke5 57. Rxh6 f4 58. gxf4+ Kxf4 59. Rh7 f5 60. Kd6 g4 61. Kd5 Kf3 62. Ke5 f4 63. Rf7 g3 64. Rxf4+ Kg2 65. hxg3 Kxg3 66. Ke4 1-0


[Site "https://www.chess.com"]

[Event "Titled Tuesday Blitz March 07 Early 2023"]
[White "Sovetbekova, Nurai"]
[Black "Hoffmann, Asa"]
[WhiteFideId "13801910"]
[BlackFideId "2001470"]
[WhiteElo "1857"]
[BlackElo "2117"]
[Result "0-1"]
[Round "11"]
[TimeControl "180+2"]
[Date "2023.03.07"]
[WhiteClock "0:00:46"]
[BlackClock "0:00:47"]

1. d4 Nf6 2. c4 c5 3. d5 e5 4. Nc3 d6 5. e4 Be7 6. h3 Nbd7 7. Nf3 Nf8 8. Be3 Ng6 9. Qd2 O-O 10. Bd3 a6 11. a4 b6 12. O-O Nh5 13. Ne2 f5 14. exf5 Bxf5 15. Ne1 e4 16. Bc2 Qd7 17. f3 Ne5 18. fxe4 Bxh3 19. Rxf8+ Rxf8 20. gxh3 Qxh3 21. Nf4 Qg3+ 22. Nfg2 Nxc4 23. Qc3 Ne5 24. Bd2 Nf3+ 25. Nxf3 Rxf3 26. Be3 Bf6 27. Qe1 Rxe3 28. Qxe3 Bd4 29. Qxd4 cxd4 30. Rd1 Nf4 31. Rd2 d3 32. Bd1 Nxg2 33. Rxg2 Qe1+ 34. Kh2 Qxd1 0-1


[Site "https://www.chess.com"]

[Event "Titled Tuesday Blitz March 07 Early 2023"]
[White "Bruned, Boris"]
[Black "Shevtchenko, Olesya"]
[WhiteFideId "621790"]
[BlackFideId "24131890"]
[WhiteElo "2049"]
[BlackElo "2003"]
[Result "1-0"]
[Round "11"]
[TimeControl "180+2"]
[Date "2023.03.07"]
[WhiteClock "0:00:07"]
[BlackClock "0:01:01"]

1. b3 b5 2. Bb2 Bb7 3. a4 a6 4. e3 b4 5. d3 e6 6. Nd2 Nf6 7. Ngf3 d5 8. g3 Nbd7 9. Bg2 Bd6 10. Qe2 O-O 11. e4 e5 12. exd5 Nxd5 13. O-O Re8 14. Nc4 Nc3 15. Qd2 e4 16. Nd4 Bc5 17. Bxc3 bxc3 18. Qxc3 Qf6 19. Ne2 Qxc3 20. Nxc3 Bd4 21. Nxe4 Bxa1 22. Rxa1 f5 23. Ned6 cxd6 24. Bxb7 Ra7 25. Nxd6 Kf8 26. Nxe8 Rxb7 27. Nd6 Rc7 28. Nc4 Nf6 29. f4 Re7 30. Ne5 Rc7 31. c4 a5 32. d4 Rb7 33. Rb1 Ne4 34. Rb2 Nc3 35. Nc6 Nxa4 36. Ra2 Nc3 37. Nxa5 Re7 38. Rc2 Ne2+ 39. Kf2 Nxd4 40. Rc3 Re2+ 41. Kf1 Rxh2 42. b4 Rb2 43. b5 Ke7 44. Rd3 Ne6 45. Nc6+ Kf6 46. Rc3 Nc5 47. Re3 Ne4 48. Ke1 Rb1+ 49. Ke2 Rb2+ 50. Kd1 Ke6 51. Kc1 Rg2 52. b6 Rg1+ 53. Kc2 Rg2+ 54. Kb3 Rg1 55. Nb4 Rb1+ 56. Ka4 Kd6 57. Kb5 Kd7 58. Rd3+ Kc8 59. c5 Rc1 60. c6 Rc5+ 61. Ka6 Rc4 62. b7+ Kc7 63. Rd7+ Kb8 64. Rd8+ Kc7 65. b8=Q# 1-0


[Site "https://www.chess.com"]

[Event "Titled Tuesday Blitz March 07 Early 2023"]
[White "Tsyhanchuk, Stanislav"]
[Black "Leve, Nitai"]
[WhiteFideId "13505130"]
[BlackFideId "2006898"]
[WhiteElo "2173"]
[BlackElo "2144"]
[Result "0-1"]
[Round "11"]
[TimeControl "180+2"]
[Date "2023.03.07"]
[WhiteClock "0:00:08"]
[BlackClock "0:01:39"]

1. c4 e5 2. Nc3 Nc6 3. g3 Nf6 4. Bg2 Bc5 5. e3 a5 6. Nge2 d6 7. d4 exd4 8. exd4 Bb4 9. O-O O-O 10. Bg5 h6 11. Bxf6 Qxf6 12. Nd5 Qd8 13. a3 Be6 14. axb4 Nxb4 15. Nxb4 axb4 16. b3 c6 17. Qd2 Rxa1 18. Rxa1 Qf6 19. Ra7 Bg4 20. Nf4 Re8 21. h3 Bc8 22. h4 c5 23. dxc5 dxc5 24. Bxb7 Qb6 25. Bxc8 Qxa7 26. Bf5 Qa1+ 27. Kh2 Qe5 28. Bh3 Qe1 29. Qa2 Qd1 30. Bg2 Qd4 31. Bd5 g5 32. hxg5 hxg5 33. Nh3 Kg7 34. Nxg5 Qg4 35. Qb2+ f6 36. Nf3 Rh8+ 37. Nh4 Re8 38. Qc2 Re2 39. Qf5 Qxf5 40. Nxf5+ Kg6 41. Nh4+ Kg5 42. Nf3+ Kf5 43. Bc6 Rb2 44. Ba4 Ke4 45. Kg2 Kd3 46. Nh4 Kc3 47. g4 Ra2 48. Kg3 Rxa4 49. bxa4 b3 50. Ng2 b2 51. Nf4 b1=Q 52. Ne2+ Kd2 53. g5 Kxe2 54. f3 fxg5 55. f4 Qg1+ 56. Kh3 Kf3 57. fxg5 Qg3# 0-1


[Site "https://www.chess.com"]

[Event "Titled Tuesday Blitz March 07 Early 2023"]
[White "Wilson, Elvin"]
[Black "Andrews, Todd"]
[WhiteFideId "2014874"]
[BlackFideId "2012456"]
[WhiteElo "2283"]
[BlackElo "2382"]
[Result "0-1"]
[Round "11"]
[TimeControl "180+2"]
[Date "2023.03.07"]
[WhiteClock "0:00:23"]
[BlackClock "0:01:39"]

1. c4 e5 2. Nc3 Nc6 3. g3 f5 4. Bg2 Nf6 5. d3 Bb4 6. Bd2 O-O 7. e3 Bxc3 8. Bxc3 d5 9. cxd5 Nxd5 10. Qb3 Be6 11. Qxb7 Qd6 12. O-O-O Rab8 13. Qa6 Rb6 14. Qa4 Nxc3 15. bxc3 Rfb8 16. Ne2 Rb1+ 17. Kd2 R8b2+ 18. Ke1 Qxd3 0-1


[Site "https://www.chess.com"]

[Event "Titled Tuesday Blitz March 07 Early 2023"]
[White "Smith, Garrett L"]
[Black "Carrasco Miranda, Andres"]
[WhiteFideId "2024829"]
[BlackFideId "3405990"]
[WhiteElo "2277"]
[BlackElo "2183"]
[Result "0-1"]
[Round "11"]
[TimeControl "180+2"]
[Date "2023.03.07"]
[WhiteClock "0:00:03"]
[BlackClock "0:00:02"]

1. e4 c5 2. a3 d5 3. exd5 Qxd5 4. Nc3 Qe6+ 5. Nge2 Nc6 6. g3 h5 7. h4 Nf6 8. d3 Ng4 9. Bg2 g6 10. Ne4 Bg7 11. Nxc5 Qf5 12. Ne4 Nd4 13. Nxd4 Bxd4 14. O-O Bd7 15. c3 Bb6 16. d4 Bc6 17. Qe2 O-O-O 18. Nd2 e5 19. Bxc6 bxc6 20. Qe4 exd4 21. Qxc6+ Kb8 22. Nc4 Rc8 23. Qd6+ Bc7 24. Qb4+ Ka8 25. cxd4 Rhe8 26. Nd6 Qd5 27. Nxe8 Rxe8 28. Qc5 Qf3 29. Qxc7 Nxf2 30. Bf4 Nh3+ 31. Kh2 Re2+ 32. Kxh3 Qg4# 0-1


[Site "https://www.chess.com"]

[Event "Titled Tuesday Blitz March 07 Early 2023"]
[White "Rios Escobar, Adan"]
[Black "Bashirli, Saadat"]
[WhiteFideId "3403645"]
[BlackFideId "13429990"]
[WhiteElo "2372"]
[BlackElo "1408"]
[Result "1/2-1/2"]
[Round "11"]
[TimeControl "180+2"]
[Date "2023.03.07"]
[WhiteClock "0:00:06"]
[BlackClock "0:00:38"]

1. d4 d5 2. g3 e6 3. Bg2 c5 4. Nf3 Nf6 5. O-O Nc6 6. c4 dxc4 7. dxc5 Qxd1 8. Rxd1 Bxc5 9. Nbd2 Ng4 10. Ne4 Be7 11. h3 Nf6 12. Ned2 c3 13. bxc3 O-O 14. Nb3 e5 15. c4 Be6 16. Bb2 Bxc4 17. Nxe5 Nxe5 18. Bxe5 Bxe2 19. Re1 Bc4 20. Bxb7 Rad8 21. Na5 Be6 22. Nc6 Rd7 23. Nxe7+ Rxe7 24. Bg2 Rc8 25. a4 a5 26. Rab1 h6 27. Bxf6 gxf6 28. Rb5 Ra7 29. Rd1 Bd7 30. Rb7 Rxb7 31. Bxb7 Rc7 32. Ba6 Bxa4 33. Ra1 Ra7 34. Rxa4 Rxa6 35. Kg2 Kf8 36. Kf3 Kg7 37. Kg4 Kg6 38. Kh4 f5 39. f4 f6 40. g4 fxg4 41. hxg4 f5 42. gxf5+ Kxf5 43. Kh5 Rb6 44. Rxa5+ Kxf4 45. Ra4+ Ke3 46. Ra3+ Ke4 47. Ra4+ Ke5 48. Ra5+ Kd4 49. Ra4+ Kc5 50. Rg4 Rd6 51. Rg6 Rxg6 52. Kxg6 h5 53. Kg5 h4 54. Kg4 h3 55. Kg3 h2 56. Kg2 h1=Q+ 57. Kxh1 1/2-1/2


[Site "https://www.chess.com"]

[Event "Titled Tuesday Blitz March 07 Early 2023"]
[White "Bongo Akanga Ndjila, Barthelemy"]
[Black "Tarasova, Viktoriya"]
[WhiteFideId "10609431"]
[BlackFideId "4175840"]
[WhiteElo "1768"]
[BlackElo "2182"]
[Result "0-1"]
[Round "11"]
[TimeControl "180+2"]
[Date "2023.03.07"]
[WhiteClock "0:00:02"]
[BlackClock "0:01:09"]

1. d4 Nf6 2. c4 e6 3. Nf3 b6 4. a3 Bb7 5. Nc3 d5 6. cxd5 Nxd5 7. Qc2 Be7 8. e4 Nxc3 9. bxc3 O-O 10. Bd3 c5 11. O-O cxd4 12. cxd4 Nd7 13. Re1 Rc8 14. Qe2 Nf6 15. Bg5 h6 16. Bd2 Nh7 17. Ba6 Qc7 18. Rac1 Qb8 19. Ne5 Rxc1 20. Rxc1 Rc8 21. Bxb7 Qxb7 22. Rxc8+ Qxc8 23. Qb5 Nf6 24. g3 Nxe4 25. Be3 Bxa3 26. Qa4 Bd6 27. Qxa7 Bxe5 28. dxe5 b5 29. Qb6 Nc3 30. Bd4 Ne2+ 31. Kg2 Nxd4 32. Qxd4 Qb7+ 33. f3 b4 34. Qb2 b3 35. Kf2 Qb4 36. f4 Qc5+ 37. Ke2 Qc4+ 38. Kd2 g6 39. Qc3 Qd5+ 40. Kc1 Qh1+ 41. Kb2 Qxh2+ 42. Kxb3 Qg2 43. Kb4 Qb7+ 44. Ka5 h5 0-1


[Site "https://www.chess.com"]

[Event "Titled Tuesday Blitz March 07 Early 2023"]
[White "lisjakzlatko1"]
[Black "Rodchenkov, Sergey D."]
[BlackFideId "4168712"]
[WhiteElo "2198"]
[BlackElo "2277"]
[Result "0-1"]
[Round "11"]
[TimeControl "180+2"]
[Date "2023.03.07"]
[WhiteClock "0:00:10"]
[BlackClock "0:00:50"]

1. d4 d5 2. Nc3 Nf6 3. Bf4 c5 4. e3 cxd4 5. exd4 Bg4 6. f3 Bd7 7. Nb5 Bxb5 8. Bxb5+ Nc6 9. c3 e6 10. Qe2 Bd6 11. Nh3 O-O 12. O-O-O Be7 13. g4 a6 14. Bd3 b5 15. Ng5 b4 16. Kb1 bxc3 17. bxc3 Bd6 18. Bc1 Rb8+ 19. Ka1 Qa5 20. Qc2 h6 21. h4 Rfc8 22. Be3 Qa3 23. Rb1 Nb4 24. Qd2 Rxc3 25. Rhd1 Nc2+ 0-1


[Site "https://www.chess.com"]

[Event "Titled Tuesday Blitz March 07 Early 2023"]
[White "Jovic, Stanoje"]
[Black "Zampronha, Wladimir Camilo"]
[WhiteFideId "905020"]
[BlackFideId "2103087"]
[WhiteElo "2236"]
[BlackElo "2176"]
[Result "1-0"]
[Round "11"]
[TimeControl "180+2"]
[Date "2023.03.07"]
[WhiteClock "0:01:28"]
[BlackClock "0:00:48"]

1. c4 Nf6 2. g3 e6 3. Bg2 d5 4. Nf3 Be7 5. O-O O-O 6. b3 c5 7. cxd5 exd5 8. d4 Nc6 9. dxc5 Bxc5 10. Bb2 Be6 11. Nc3 Ne4 12. Na4 Be7 13. Rc1 Qa5 14. a3 Rac8 15. b4 Qb5 16. Re1 Rfd8 17. Bf1 Nb8 18. e3 Qd7 19. Ne5 Qe8 20. f3 Nd6 21. Nc5 b6 22. Nxe6 fxe6 23. Qd3 Bf6 24. Rxc8 Rxc8 25. e4 Bxe5 26. Bxe5 Nc4 27. exd5 exd5 28. Qxd5+ Qf7 29. Qxf7+ Kxf7 30. Bxb8 Rxb8 31. Bxc4+ 1-0


[Site "https://www.chess.com"]

[Event "Titled Tuesday Blitz March 07 Early 2023"]
[White "Melikhov, Evgeny V."]
[Black "Bas Mas, Jose Joaquin"]
[WhiteFideId "4122046"]
[BlackFideId "22219064"]
[WhiteElo "2158"]
[BlackElo "2233"]
[Result "1-0"]
[Round "11"]
[TimeControl "180+2"]
[Date "2023.03.07"]
[WhiteClock "0:01:37"]
[BlackClock "0:02:04"]

1. d4 d5 2. c4 e6 3. Nc3 Nf6 4. cxd5 exd5 5. Bg5 Nbd7 6. e3 h6 7. Bh4 Be7 8. Bd3 O-O 9. Nf3 b6 10. O-O Bb7 11. Ne5 Nxe5 12. dxe5 Ne4 13. Bxe7 Qxe7 14. f4 Nxc3 15. bxc3 f6 16. Qh5 fxe5 17. fxe5 Qg5 18. Qxg5 hxg5 19. Bg6 Rxf1+ 20. Rxf1 Bc8 21. Bf7+ Kh8 22. Bxd5 1-0


[Site "https://www.chess.com"]

[Event "Titled Tuesday Blitz March 07 Early 2023"]
[White "Alahakoon, Isuru"]
[Black "Liu, Kelsey"]
[WhiteFideId "9900993"]
[BlackFideId "30944481"]
[WhiteElo "1995"]
[BlackElo "2293"]
[Result "1-0"]
[Round "11"]
[TimeControl "180+2"]
[Date "2023.03.07"]
[WhiteClock "0:01:26"]
[BlackClock "0:00:24"]

1. Nf3 Nf6 2. d3 e6 3. g3 d5 4. Bg2 Bd6 5. O-O c5 6. Nbd2 Nc6 7. e4 Bd7 8. Re1 Qc7 9. Qe2 dxe4 10. dxe4 e5 11. c3 O-O-O 12. Nc4 Be6 13. Ng5 Bxc4 14. Qxc4 Rdf8 15. Be3 h6 16. Nf3 Na5 17. Qa4 g5 18. Rad1 Rd8 19. b4 Nc4 20. bxc5 Nxe3 21. cxd6 Rxd6 22. fxe3 Ra6 23. Qb3 Rb6 24. Qa4 Ra6 25. Qb5 Rb6 26. Qxe5 1-0


[Site "https://www.chess.com"]

[Event "Titled Tuesday Blitz March 07 Early 2023"]
[White "Sarkar, Justin"]
[Black "Torres Hernandez, Leslie Carolin"]
[WhiteFideId "2010011"]
[BlackFideId "8400504"]
[WhiteElo "2189"]
[BlackElo "1920"]
[Result "0-1"]
[Round "11"]
[TimeControl "180+2"]
[Date "2023.03.07"]
[WhiteClock "0:00:01"]
[BlackClock "0:01:28"]

1. e4 e6 2. Nc3 Nc6 3. f4 d5 4. Nf3 dxe4 5. Nxe4 Nf6 6. Nxf6+ Qxf6 7. d4 Bd7 8. c3 O-O-O 9. Bd3 h6 10. O-O Bd6 11. Ne5 Be8 12. Qe2 Ne7 13. Bd2 Nd5 14. c4 Nb4 15. c5 Nxd3 16. cxd6 Nxe5 17. dxe5 Qf5 18. Rac1 Bc6 19. Rxc6 bxc6 20. Qa6+ Kd7 21. Rc1 Qe4 22. Qb7 Rc8 23. Ba5 Qe3+ 24. Kf1 Qxc1+ 25. Ke2 Qc4+ 26. Kf3 Qd5+ 27. Kg4 h5+ 28. Kh4 Qxg2 0-1


[Site "https://www.chess.com"]

[Event "Titled Tuesday Blitz March 07 Early 2023"]
[White "Rosh Jain"]
[Black "MrAnnihilation"]
[WhiteFideId "25789465"]
[WhiteElo "2233"]
[BlackElo "2349"]
[Result "1-0"]
[Round "11"]
[TimeControl "180+2"]
[Date "2023.03.07"]
[WhiteClock "0:00:32"]
[BlackClock "0:00:03"]

1. e4 c5 2. Nf3 d6 3. d4 cxd4 4. Nxd4 Nf6 5. Nc3 a6 6. Bc4 e6 7. Bb3 Nbd7 8. O-O Nc5 9. Qe2 Qc7 10. f3 Be7 11. Be3 O-O 12. Rae1 b5 13. Kh1 Bb7 14. Qf2 Rac8 15. Nde2 Rfd8 16. Rd1 b4 17. Na4 Nxa4 18. Bxa4 d5 19. Bb6 Qb8 20. Bxd8 Rxd8 21. exd5 Nxd5 22. Bb3 Bf6 23. c3 bxc3 24. bxc3 Nxc3 25. Nxc3 Bxc3 26. Rxd8+ Qxd8 27. Rc1 Bd4 28. Rd1 e5 29. Qd2 g5 30. Qb4 Qc7 31. Qc4 Qe7 32. Re1 Qf6 33. Qe2 h5 34. Bc2 h4 35. Be4 Bc8 36. Rc1 Bd7 37. Rc7 Bb5 38. Rc8+ Kg7 39. Qe1 Qe6 40. Rc7 Qb6 41. Qc1 Be3 42. Qc2 Bf4 43. Bd5 Be8 44. Bb3 Qd4 45. Re7 Qa1+ 46. Qd1 Qxd1+ 47. Bxd1 Kf8 48. Ra7 Bb5 49. Bb3 1-0


[Site "https://www.chess.com"]

[Event "Titled Tuesday Blitz March 07 Early 2023"]
[White "Seletsky, Grigory"]
[Black "Kho, Darrell"]
[WhiteFideId "14112191"]
[BlackFideId "1019317"]
[WhiteElo "2490"]
[BlackElo "2181"]
[Result "1-0"]
[Round "11"]
[TimeControl "180+2"]
[Date "2023.03.07"]
[WhiteClock "0:01:25"]
[BlackClock "0:00:01"]

1. e4 e6 2. d4 d5 3. Nd2 Be7 4. c3 Nf6 5. Bd3 c5 6. dxc5 dxe4 7. Nxe4 Nxe4 8. Bxe4 Qxd1+ 9. Kxd1 Bxc5 10. Be3 Bxe3 11. fxe3 Nd7 12. Nf3 Nc5 13. Bc2 f6 14. Nd4 Ke7 15. b4 Nd7 16. Bb3 Ne5 17. c4 Rd8 18. Ke2 a5 19. a3 Nf7 20. c5 e5 21. Nf3 Be6 22. Bxe6 Kxe6 23. Rhc1 Rd5 24. e4 Rd7 25. b5 Rc8 26. Ne1 Rd4 27. Ke3 Ng5 28. Nd3 Nxe4 29. c6 bxc6 30. bxc6 Nd6 31. Nc5+ Kd5 32. Nb3 Re4+ 33. Kd3 Rxc6 34. Rxc6 Kxc6 35. Nxa5+ Kb5 36. Nb3 Rg4 37. g3 Rc4 38. Nd2 Ra4 39. Nb1 Rd4+ 40. Kc2 Kc4 41. a4 Kb4 42. a5 1-0


[Site "https://www.chess.com"]

[Event "Titled Tuesday Blitz March 07 Early 2023"]
[White "babbilator"]
[Black "Vifleemskaia, Svetlana"]
[BlackFideId "4129490"]
[WhiteElo "2211"]
[BlackElo "1930"]
[Result "0-1"]
[Round "11"]
[TimeControl "180+2"]
[Date "2023.03.07"]
[WhiteClock "0:00:04"]
[BlackClock "0:00:53"]

1. e4 e5 2. Nc3 Nf6 3. Nf3 Nc6 4. Bb5 Bb4 5. d3 d6 6. O-O O-O 7. Bg5 Bxc3 8. bxc3 Qe7 9. Re1 Nd8 10. d4 c6 11. Bf1 Ne6 12. Bc1 Rd8 13. a4 h6 14. Ba3 c5 15. Bc4 Nd7 16. a5 b6 17. Bd5 Rb8 18. axb6 axb6 19. Bc1 Qf6 20. Ra7 Nf4 21. dxe5 Nxe5 22. Nxe5 dxe5 23. Bxf4 exf4 24. Bxf7+ Kh8 25. Qh5 Be6 26. Bxe6 Qxe6 27. h3 Rd2 28. Qh4 Rf8 29. Rea1 Qxe4 30. Qg4 Qe5 0-1


[Site "https://www.chess.com"]